 Dungeon Crawl Stone Soup version 0.26-a0-346-g33516b1736 (webtiles) character file.

Game seed: 5180986316971190718

492 LadyOphelia the Chopper (level 7, -5/60 HPs)
             Began as a Hill Orc Fighter on July 17, 2020.
             Slain by a lemure (8 damage)
             ... led by Pikel
             ... on level 5 of the Dungeon.
             The game lasted 00:14:08 (4283 turns).

LadyOphelia the Chopper (Hill Orc Fighter)          Turns: 4283, Time: 00:14:09

Health: -5/60      AC:  4    Str: 21    XL:     7   Next: 14%
Magic:  7/7        EV:  9    Int:  8    God:
Gold:   116        SH:  9    Dex: 13    Spells: 6/6 levels left

rFire    . . .     SeeInvis .   a - +1 war axe
rCold    . . .     Faith    .   c - +0 kite shield
rNeg     . . .     Spirit   .   p - +1 leather armour of Xasaunn {Dex+3}
rPois    .         Reflect  .   (no helmet)
rElec    .         Harm     .   (no cloak)
rCorr    .                      (no gloves)
MR       .....                  (no boots)
Stlth    +.........             (no amulet)
HPRegen  0.20/turn              (no ring)
MPRegen  0.10/turn              (no ring)

@: no status effects
A: no striking features
a: no special abilities


You were on level 5 of the Dungeon.
You visited 1 branch of the dungeon, and saw 5 of its levels.

You collected 319 gold pieces.
You spent 203 gold pieces at shops.

Inventory:

Hand Weapons
 a - a +1 war axe (weapon)
Armour
 b - a +0 scale mail
 c - a +0 kite shield (worn)
 p - the +1 leather armour of Xasaunn (worn) {Dex+3}
   (You bought it in a shop on level 4 of the Dungeon)

   It affects your dexterity (+3).
Jewellery
 f - an uncursed ring of see invisible {unknown}
 j - an uncursed ring of stealth {unknown}
 k - a cursed -4 ring of strength
 n - an uncursed amulet of reflection {unknown}
Scrolls
 e - a scroll of amnesia {unknown}
 h - 2 scrolls of remove curse
 i - a scroll of magic mapping
 m - 3 scrolls of identify
Potions
 d - a potion of might
 g - a potion of heal wounds {unknown}
 l - a potion of lignification {unknown}


   Skills:
 * Level 4.7 Fighting
 + Level 7.3 Axes
 + Level 5.0 Armour
 - Level 0.7 Dodging
 - Level 4.1 Shields


You had 6 spell levels left.
You didn't know any spells.
Your spell library was empty.

Dungeon Overview and Level Annotations

Branches:
Dungeon (5/15)
 Temple: D:4-7

Altars:
Ru
The Shining One

Shops:
D:4 [

Annotations:
D:5 Blork the orc


Message History

* * * LOW HITPOINT WARNING * * *
You feel better. Something hits you.
* * * LOW HITPOINT WARNING * * *
A worm comes into view.
A magic dart appears from out of thin air!
The magic dart hits you!
* * * LOW HITPOINT WARNING * * *
You slice the worm!!
You kill the worm!
You hear some strange, mumbled words.
A puff of frost appears from out of thin air!
The puff of frost misses you. Something hits you.
* * * LOW HITPOINT WARNING * * *
2 lemures come into view.
A magic dart appears from out of thin air!
The magic dart hits you.
* * * LOW HITPOINT WARNING * * *
The lemure hits you!
You die...

### ##.##
#.#########...##
.......@.......#
#######5###...##
#.# ##.## ..#
#.# ##.# #.# .
#.# #)###. #5#
#†##.( #.#
#(##.# #.##.#


You could see 2 lemures.

Vanquished Creatures
  A centaur (D:5)
  A howler monkey (D:5)
  3 orc wizards
  An orc priest (D:5)
  An iguana (D:4)
  2 worker ants (D:4)
  A worker ant zombie (D:3)
  6 adders
  6 gnolls
  An ooze (D:1)
  A worm (D:5)
  6 leopard geckos
  4 orcs
  A ball python (D:3)
  2 giant cockroaches
  4 goblins
  4 hobgoblins
  2 jackals (D:3)
  6 kobolds
  3 bats
  2 frilled lizards
  A leopard gecko skeleton (D:2)
  3 rats
62 creatures vanquished.

Notes
Turn   | Place    | Note
-------+----------+-------------------------------------------
     0 | D:1      | LadyOphelia the Hill Orc Fighter began the quest for the
                  | Orb.
     0 | D:1      | Reached XP level 1. HP: 19/19 MP: 1/1
   262 | D:1      | Reached skill level 3 in Axes
   262 | D:1      | Reached XP level 2. HP: 27/27 MP: 2/2
   878 | D:2      | Reached XP level 3. HP: 21/33 MP: 3/3
   887 | D:2      | Reached skill level 4 in Axes
  1494 | D:2      | Reached XP level 4. HP: 40/40 MP: 4/4
  1863 | D:3      | Reached skill level 5 in Axes
  2133 | D:3      | Found a faded altar of an unknown god.
  2185 | D:3      | Reached XP level 5. HP: 46/46 MP: 5/5
  2573 | D:3      | Found a glowing golden altar of the Shining One.
  2685 | D:4      | Reached skill level 6 in Axes
  3007 | D:3      | HP: 2/46 [something (3)]
  3279 | D:3      | Reached XP level 6. HP: 45/52 MP: 6/6
  3939 | D:4      | Found a sacrificial altar of Ru.
  4011 | D:4      | Found Piblig's Armour Emporium.
  4014 | D:4      | Bought the +1 leather armour of Xasaunn {Dex+3} for 203
                  | gold pieces
  4107 | D:5      | Entered Level 5 of the Dungeon
  4123 | D:5      | Reached skill level 7 in Axes
  4259 | D:5      | Noticed Blork the orc
  4265 | D:5      | Reached XP level 7. HP: 43/60 MP: 7/7
  4272 | D:5      | Reached skill level 5 in Armour
  4281 | D:5      | HP: 3/60 [something (6)]
  4283 | D:5      | Slain by a lemure

Illustrated notes

Levels and vault maps discovered:
D:1:      giann_horns, layout_rooms, serial_forest,
          infiniplex_forest_lined_3_way, infiniplex_forest_lined_room_,
          infiniplex_forest_pool, infiniplex_forest_clump_double,
          minmay_tromino_v4_b
D:2:      layout_loops_cross, minmay_crystal_room, kennysheep_generic_room_6
D:3:      layout_basic, tso_oasis_becter, chequers_ecumenical_altar_simple
D:4:      layout_rooms, nicolae_ru_path_of_blood, serial_shops,
          nicolae_shop_behind_doors
D:5:      gammafunk_wand_slinger, layout_loops_ring,
          regret_index_temple_of_mockery, grunt_qazlal_clouds,
          minmay_temple_entry_antechambers, uniq_edmund, uniq_pikel,
          uniq_blork_the_orc

Skill      XL: |  1  2  3  4  5  6  7 |
---------------+----------------------+-----
Axes           | 3 4 5 6 7 |  7.3
Fighting       | 4 |  4.7
Armour         | 4 5 |  5.0
Shields        | 4 |  4.1
Dodging        | |  0.7

Action                   |  1- 3 |  4- 6 |  7- 9 || total
-------------------------+-------+-------+-------++-------
Melee: War axe           |    50 |   220 |     8 ||   278
  Use: Scroll            |       |    10 |       ||    10
       Potion            |       |     3 |     1 ||     4
Armor: Scale mail        |    14 |   104 |       ||   118
       Leather armour    |       |     4 |     2 ||     6
Dodge: Dodged            |    13 |    60 |     5 ||    78
Block: Kite shield       |    23 |   105 |     4 ||   132

Table legend:
 A = Non-vault XP
 B = Vault XP
 C = Vault XP percentage of total XP
 D = Non-vault monster count
 E = Vault monster count
 F = Vault count percentage of total count
                 A         B        C        D         E       F
            +---------+---------+-------+---------+---------+-------
      Total |     699 |       4 |   0.6 |      59 |       3 |   4.8
            +---------+---------+-------+---------+---------+-------
        D:1 |      17 |       2 |  10.5 |       7 |       2 |  22.2
        D:2 |      75 |       2 |   2.6 |       9 |       1 |  10.0
        D:3 |     158 |       0 |   0.0 |      26 |       0 |   0.0
        D:4 |     209 |       0 |   0.0 |       9 |       0 |   0.0
        D:5 |     240 |       0 |   0.0 |       8 |       0 |   0.0
            +---------+---------+-------+---------+---------+-------
